Map: Cosmic Sapphire

Players

Roman

  • Race: Protoss Protoss
  • League: Bronze
  • Spawn Location: 11:00

RiZen - Winner!

  • Race: Zerg Zerg
  • League: Silver
  • Spawn Location: 5:00

VOD

Have the link to the VOD?

Description

Time

  • Played on: Aug. 2, 2022, 7:32 p.m.
  • Length: 8:47
Show
View Real Time Build Order
Export as new Build Order

Roman Protoss 

Build Orders:  

Get SALT Encoding   

  12  0:06  Probe  
  10  1:06  Probe  
  3  1:18  Probe  
  4  1:30  Probe  
  5  1:46  Probe  
  6  2:11  Pylon  
  6  2:15  Probe  
  7  2:27  Probe  
  8  2:43  Probe  
  9  2:55  Probe  
  10  3:05  Forge  
  10  3:15  Pylon  
  10  3:18  Probe  
  11  3:44  Photon Cannon  
  11  4:13  Photon Cannon  
  11  4:22  Pylon  
  10  4:48  Photon Cannon  
  10  4:50  Probe  
  11  5:02  Probe  
  12  5:14  Probe  
  13  5:25  Gateway  
  13  5:27  Probe  
  14  5:40  Probe  
  15  6:13  Zealot  
  16  6:40  Zealot  
  18  6:47  Gateway  
  18  6:54  Gateway  
  18  6:55  Gateway  
  18  7:07  Zealot  
  20  7:34  Zealot  
  22  7:51  Nexus  
  22  8:01  Zealot  
Show
View Real Time Build Order
Export as new Build Order

RiZen Zerg - Winner!

Build Orders: Hatch First 

Get SALT Encoding   

  12  0:01  Drone  
  13  0:15  Overlord  
  13  0:20  Drone  
  14  0:35  Drone  
  14  0:36  Drone  
  14  0:38  Drone  
  13  1:02  Drone x2  
  15  1:12  Drone  
  16  1:29  Hatchery  
  15  1:53  Spawning Pool  
  14  1:54  Drone x3  
  17  2:20  Overlord  
  17  2:21  Hatchery  
  16  2:37  Drone x2  
  16  2:43  Extractor  
  16  2:44  Zergling x2  
  18  3:00  Drone  
  18  3:01  Drone x2  
  21  3:21  Queen x2  
  25  3:29  Drone x3  
  25  3:31  Hatchery  
  27  3:42  Zergling x8  
  30  4:11  Metabolic Boost  
  30  4:47  Extractor  
  30  4:51  Drone x15  
  30  4:52  Extractor  
  43  4:53  Extractor  
  43  4:58  Lair  
  42  5:23  Drone x4  
  42  5:28  Overlord x3  
  46  5:31  Drone  
  47  5:38  Overlord x2  
  47  5:46  Queen x2  
  51  5:58  Spire  
  51  6:00  Spine Crawler  
  51  6:02  Spore Crawler  
  48  6:07  Spore Crawler  
  47  6:14  Spine Crawler  
  47  6:16  Drone x2  
  47  6:17  Drone x7  
  55  6:26  Spore Crawler  
  54  6:45  Drone  
  54  6:46  Drone x2  
  57  6:47  Drone  
  57  6:48  Drone x8  
  57  6:51  Overlord  
  66  7:15  Spine Crawler  
  65  7:20  Spine Crawler, Spore Crawler  
  63  7:25  Spine Crawler, Mutalisk  
  63  7:26  Mutalisk x6  
  76  7:41  Spine Crawler  
  76  7:42  Mutalisk  
  76  7:43  Mutalisk x4  
  85  7:48  Overseer  
  85  7:59  Mutalisk x2  
  85  8:03  Spine Crawler  
  88  8:09  Extractor  
  88  8:10  Extractor  
Tags
 
Add a new tag
Caveats
  • Supply blocks, unpowered buildings, or Contaminate may cause inaccurate times.
  • Supply counts are checked every 10 seconds.